 Dungeon Crawl Stone Soup version 0.20.1-1-g8b1a95d (webtiles) character file.

158 dengdeng the Covered (level 5, 0/47 HPs)
             Began as a Minotaur Fighter on Nov 15, 2017.
             Slain by a gnoll
             ... wielding a +0 spear
              (4 damage)
             ... on level 3 of the Dungeon.
             The game lasted 00:14:56 (2783 turns).

dengdeng the Covered (Minotaur Fighter)             Turns: 2783, Time: 00:14:57

Health: 0/47       AC:  7    Str: 21    XL:     5   Next: 16%
Magic:  0/4        EV:  8    Int:  5    God:
Gold:   197        SH:  9    Dex: 10    Spells: 4/4 levels left

rFire    . . .     SeeInvis .   g - +0 hand axe (venom)
rCold    . . .     Gourm    .   c - +0 shield
rNeg     . . .     Faith    .   b - +0 scale mail
rPois    .         Spirit   +   (helmet restricted)
rElec    .         Reflect  .   (no cloak)
rCorr    .         Harm     .   (no gloves)
MR       .....                  (no boots)
Stlth    ..........             e - amulet of guardian spirit
Regen    0.2/turn               (no ring)
MPRegen  0.1/turn               (no ring)

@: no status effects
A: retaliatory headbutt, horns 2
a: no special abilities


You were on level 3 of the Dungeon.
You were not hungry.

You visited 1 branch of the dungeon, and saw 3 of its levels.

You collected 197 gold pieces.

Inventory:

Hand Weapons
 a - a +0 long sword
 g - a +0 hand axe of venom (weapon)
Missiles
 h - 181 stones (quivered)
 l - 2 tomahawks
Armour
 b - a +0 scale mail (worn)
 c - a +0 shield (worn)
Jewellery
 e - an amulet of guardian spirit (around neck)
Wands
 v - a wand of paralysis (17/24)
Scrolls
 i - 2 scrolls of magic mapping {unknown}
 j - a scroll of noise {unknown}
 k - a scroll of enchant armour {unknown}
 m - 2 scrolls of enchant weapon {unknown}
 p - a scroll of teleportation
 s - 2 scrolls of identify
 w - 2 scrolls of blinking {unknown}
Potions
 d - a potion of might
 n - a potion of haste {unknown}
 o - a potion of agility {unknown}
 q - a potion of curing {unknown}
 t - a potion of flight {unknown}
 z - a potion of berserk rage {unknown}
Comestibles
 f - 4 bread rations
 r - 2 meat rations
 u - a royal jelly


   Skills:
 + Level 4.3 Fighting
 + Level 3.2 Long Blades
 + Level 0.5 Axes
 + Level 0.4 Throwing
 + Level 5.0 Armour
 + Level 0.7 Dodging
 + Level 0.3 Stealth
 + Level 4.8 Shields


You had 4 spell levels left.
You didn't know any spells.

Dungeon Overview and Level Annotations

Branches:
Dungeon (3/15)

Altars:
Fedhas
Yredelemnul


Innate Abilities, Weirdness & Mutations

You reflexively headbutt those who attack you in melee.
You have a pair of horns on your head.


Message History

The hobgoblin hits you but does no damage.
You block the gnoll's attack.
The gnoll hits you from afar with a spear.
The hobgoblin hits you but does no damage.
You slash the hobgoblin!
You kill the hobgoblin!
The gnoll hits you from afar with a spear.
* * * LOW HITPOINT WARNING * * *
The gnoll hits you from afar with a spear.
* * * LOW HITPOINT WARNING * * *
The kobold throws a stone.
You block the stone. The gnoll barely misses you.
The gnoll completely misses you. You block the kobold's attack.
The gnoll hits you with a spear!
* * * LOW HITPOINT WARNING * * *
There is an open door here.
Items here: $ ( ) †††† You closely miss the gnoll.
You closely miss the kobold. You hit the gnoll but do no damage.
The gnoll is poisoned.
The gnoll hits you with a spear.
You die...

###################### #....
........#.......#....# #....
........'.......#....# ##....
........#########....#### .....#
#####..).......#......#.. ..g..#
#..))......'......'..
.....########..........#......#..
#.).......(...K#########.%..##
#.((((((((...)g@().....#....#
#...(....(...)g#.).....#....#
#########################''#####
##≈≈≈≈≈≈≈≈≈≈≈≈≈≈≈≈≈≈≈≈≈≈≈.....≈≈≈
≈≈≈≈≈≈≈≈≈≈≈≈≈≈≈≈≈≈≈≈≈≈≈≈..)).≈≈≈≈
≈≈≈≈≈≈≈≈≈≈≈≈≈≈≈≈≈≈≈≈≈≈≈≈.....≈≈≈≈
≈..≈≈≈.≈.≈≈≈.≈≈≈≈≈≈≈≈≈≈≈≈.....≈≈≈
.÷...............................
.................................


You could see 2 gnolls and a kobold.

Vanquished Creatures
  3 gnolls (D:3)
  3 adders
  An ooze (D:3)
  A worm (D:2)
  A dart slug (D:3)
  2 leopard geckos
  8 orcs (D:3)
  3 ball pythons
  8 bats
  A giant cockroach (D:2)
  8 goblins
  10 hobgoblins
  3 jackals (D:1)
  3 frilled lizards
  22 kobolds
  4 rats
81 creatures vanquished.

Notes
Turn   | Place    | Note
-------+----------+-------------------------------------------
     0 | D:1      | dengdeng the Minotaur Fighter began the quest for the Orb.
     0 | D:1      | Reached XP level 1. HP: 19/19 MP: 0/0
   329 | D:1      | Reached XP level 2. HP: 24/27 MP: 1/1
   816 | D:2      | Reached skill level 4 in Armour
   847 | D:2      | Reached XP level 3. HP: 28/33 MP: 2/2
  1314 | D:3      | Found a blossoming altar of Fedhas.
  1315 | D:3      | Found a basalt altar of Yredelemnul.
  1529 | D:3      | Reached XP level 4. HP: 33/40 MP: 3/3
  2628 | D:3      | Reached XP level 5. HP: 45/46 MP: 4/4
  2772 | D:3      | Reached skill level 5 in Armour
  2783 | D:3      | Slain by a gnoll

Skill      XL: |  1  2  3  4  5 |
---------------+----------------+-----
Fighting       | 4 |  4.3
Armour         | 4 5 |  5.0
Shields        | 4 |  4.8
Long Blades    | 3 |  3.2
Axes           | |  0.5
Throwing       | |  0.4
Dodging        | |  0.7
Stealth        | |  0.3

Action                   |  1- 3 |  4- 6 || total
-------------------------+-------+-------++-------
Melee: Long sword        |    98 |    10 ||   108
       Headbutt          |    16 |    13 ||    29
       Hand axe          |       |    59 ||    59
Throw: Stone             |    11 |    14 ||    25
  Use: Scroll            |       |     3 ||     3
  Eat: Chunk             |     2 |     4 ||     6
Armor: Scale mail        |    62 |    45 ||   107
Dodge: Dodged            |    43 |    35 ||    78
Block: Shield            |    74 |    77 ||   151
       Rpst.: Long sword |    10 |     5 ||    15
